 Dungeon Crawl Stone Soup version 0.24-a0-443-g80245de385 (webtiles) character file.

Game seed: 18176170789852521305

17 Krouwed the Bolt Thrower (level 2, 0/22 HPs)
             Began as a Human Hunter on June 21, 2019.
             Succumbed to an adder's poison
             ... on level 1 of the Dungeon.
             The game lasted 00:02:28 (692 turns).

Krouwed the Bolt Thrower (Human Hunter)              Turns: 692, Time: 00:02:29

Health: 0/22       AC:  3    Str: 12    XL:     2   Next: 80%
Magic:  2/2        EV: 12    Int: 11    God:
Gold:   42         SH:  0    Dex: 13    Spells: 1/1 levels left

rFire    . . .     SeeInvis .   a - +1 hand crossbow
rCold    . . .     Gourm    .   (no shield)
rNeg     . . .     Faith    .   c - +0 leather armour
rPois    .         Spirit   .   (no helmet)
rElec    .         Reflect  .   (no cloak)
rCorr    .         Harm     .   (no gloves)
MR       .....                  (no boots)
Stlth    ++........             (no amulet)
HPRegen  0.07/turn              (no ring)
MPRegen  0.08/turn              (no ring)

@: lethally poisoned (0 -> -6), flying, hasted, very quick
A: no striking features
a: no special abilities


You were on level 1 of the Dungeon.
You were not hungry.

You visited 1 branch of the dungeon, and saw 2 of its levels.

You collected 42 gold pieces.

Inventory:

Hand Weapons
 a - a +1 hand crossbow (weapon)
 b - a +0 short sword
Missiles
 d - 23 bolts (quivered)
 l - 44 arrows
Armour
 c - a +0 leather armour (worn)
Scrolls
 e - a scroll of identify {unknown}
 h - 2 scrolls of amnesia {unknown}
 i - 5 scrolls of remove curse {unknown}
Potions
 g - a potion of flight
 k - a potion of heal wounds {unknown}
 m - a potion of degeneration {unknown}
Comestibles
 f - 2 rations


   Skills:
 + Level 2.2 Fighting
 + Level 0.7 Short Blades
 + Level 4.1 Crossbows
 + Level 2.2 Dodging
 + Level 1.4 Stealth


You had one spell level left.
You didn't know any spells.
Your spell library was empty.

Dungeon Overview and Level Annotations

Branches:
Dungeon (2/15)

Altars:


Message History

It was a potion of flight.
You feel very buoyant.
You fly up into the air.
The adder barely misses you.
It was a potion of haste.
You feel yourself speed up.
* * * LOW HITPOINT WARNING * * *
You feel sick. The adder misses you. The adder bites you.
* * * LOW HITPOINT WARNING * * *
* * * LOW HITPOINT WARNING * * *
You feel sick.
* * * LOW HITPOINT WARNING * * *
You feel sick.
* * * LOW HITPOINT WARNING * * *
You feel sick.
* * * LOW HITPOINT WARNING * * *
You feel sick.
* * * LOW HITPOINT WARNING * * *
You feel sick.
There is a stone staircase leading up here.
You fly upwards.
You die...

#....######.....##.#
#....# #.....##.#
#....######.....##.###
#...............##....
#...............##..##
#...............##..#.
#...............+...#.
##...............###.#.
#.....@..........##....
#.#######.#......##..#.
#.#.....#.#....####>...
#.#.#.#.#.#.#######.##.
#...#.#...#.'..........
#####.#####.########.#.
#...#.#...#..........#.
#.#.#.#.#.##.##########
#.#.....#.##.#


There were no monsters in sight!

Vanquished Creatures
  A leopard gecko (D:1)
  A ball python (D:1)
  5 giant cockroaches
  A hobgoblin (D:1)
  2 jackals (D:1)
  A kobold (D:2)
  2 rats (D:1)
13 creatures vanquished.

Notes
Turn   | Place    | Note
-------+----------+-------------------------------------------
     0 | D:1      | Krouwed the Human Hunter began the quest for the Orb.
     0 | D:1      | Reached XP level 1. HP: 16/16 MP: 1/1
     0 | D:1      | Noticed a red draconian
     0 | D:1      | Noticed a tentacled monstrosity
     2 | D:1      | Noticed a purple draconian
     2 | D:1      | Noticed a large abomination
     4 | D:1      | Noticed an orb of fire
     5 | D:1      | Noticed a shadow dragon
     7 | D:1      | Noticed an ice dragon
     8 | D:1      | Noticed an ice dragon
    10 | D:1      | Noticed an ice dragon
    10 | D:1      | Noticed a large abomination
    12 | D:1      | Noticed an ice dragon
    14 | D:1      | Noticed an orb of fire
    14 | D:1      | Noticed an ice dragon
    16 | D:1      | Noticed an orb of fire
    16 | D:1      | Noticed an iron dragon
    18 | D:1      | Noticed a large abomination
   260 | D:1      | Reached XP level 2. HP: 22/22 MP: 2/2
   689 | D:2      | HP: 1/22 [poisoned by an adder]
   692 | D:1      | Succumbed to an adder's poison

Levels and vault maps discovered:
D:1:      shiori_arrival_whats_in_store_for_you, layout_basic,
          minmay_misc_feat_ornament
D:2:      layout_loops_ring, nicolae_dithmenos_through_a_glass_darkly

Action                   || total
-------------------------++-------
 Fire: Hand crossbow     ||    35
  Use: Potion            ||     2
Armor: Leather armour    ||     1
Dodge: Dodged            ||     5

Table legend:
 A = Non-vault XP
 B = Vault XP
 C = Vault XP percentage of total XP
 D = Non-vault monster count
 E = Vault monster count
 F = Vault count percentage of total count
                 A         B        C        D         E       F
            +---------+---------+-------+---------+---------+-------
      Total |      25 |       0 |   0.0 |      13 |       0 |   0.0
            +---------+---------+-------+---------+---------+-------
        D:1 |      21 |       0 |   0.0 |      11 |       0 |   0.0
        D:2 |       4 |       0 |   0.0 |       2 |       0 |   0.0
            +---------+---------+-------+---------+---------+-------
